[Event "ICCopen2017"]
[Site "Internet Chess Club"]
[Date "2017.03.26"]
[Round "3"]
[White "Trentosk"]
[Black "Spirals"]
[Result "1-0"]
[ICCResult "Black checkmated"]
[WhiteElo "2551"]
[BlackElo "2190"]
[Opening "Sicilian: Najdorf, 6.Bg5"]
[ECO "B94"]
[NIC "SI.04"]
[Time "19:29:53"]
[TimeControl "180+0"]

1. e4 c5 2. Nf3 d6 3. d4 cxd4 4. Nxd4 Nf6 5. Nc3 a6 6. Bg5 Nbd7 7. Qe2 e6 8.
O-O-O Qc7 9. f4 Be7 10. g3 h6 11. Bxf6 Nxf6 12. Bg2 O-O 13. Kb1 Re8 14. Rhf1
e5 15. fxe5 dxe5 16. Nf5 Bxf5 17. Rxf5 Rad8 18. Rdf1 b5 19. Nd5 Nxd5 20.
exd5 Rf8 21. Be4 Qc4 22. Qxc4 bxc4 23. Rxe5 Bd6 24. Ref5 c3 25. Bd3 cxb2 26.
Kxb2 a5 27. Kc1 Bb4 28. Kd1 Rd6 29. c4 Bc5 30. R5f3 Bb4 31. Bf5 Rfd8 32. Bg4
f6 33. Be6+ Kh8 34. Ke2 Re8 35. h4 Bc5 36. g4 Rdxe6+ 37. dxe6 Rxe6+ 38. Kd3
Rd6+ 39. Kc2 Rc6 40. Rf5 Bd4 41. Kd3 Be5 42. g5 hxg5 43. hxg5 Rd6+ 44. Kc2
Rc6 45. Kb3 Rb6+ 46. Ka4 Rb4+ 47. Kxa5 Rxc4 48. g6 Rg4 49. Rxe5 Rxg6 50.
Rh5+ Kg8 51. Kb5 Rg2 52. a4 Rb2+ 53. Kc6 Ra2 54. a5 Kf7 55. Kb6 g6 56. Rb5
g5 57. Rxg5 Rb2+ 58. Rb5 Rc2 59. a6 Rf2 60. Rxf2 Ke6 61. a7 f5 62. Rbxf5 Kd6
63. a8=Q Ke6 64. Qc6+ Ke7 65. Rf7+ Kd8 66. Rd7+ Ke8 67. Qc8# {Black
checkmated} 1-0

[Event "ICCopen2017"]
[Site "Internet Chess Club"]
[Date "2017.03.26"]
[Round "3"]
[White "Incognito"]
[Black "anakinnn"]
[Result "1-0"]
[ICCResult "Black forfeits on time"]
[WhiteElo "1495"]
[BlackElo "1187"]
[Opening "Alekhine's defense"]
[ECO "B02"]
[NIC "AL.10"]
[Time "19:29:38"]
[TimeControl "180+0"]

1. e4 Nf6 2. e5 Nd5 3. g3 d6 4. exd6 cxd6 5. Bg2 Nb6 6. a4 g6 7. a5 N6d7 8.
d3 Bg7 9. Nc3 Nc6 10. a6 O-O 11. axb7 Bxb7 12. Nge2 Qb6 13. Nd5 Qd8 14. Ndc3
e6 15. O-O d5 16. d4 a5 17. Na4 Nb6 18. Nc5 Ba6 19. Nxa6 Rxa6 20. c3 Nc4 21.
Qd3 Rb6 22. Ra2 Qb8 23. Qc2 Na7 24. Re1 Nc8 25. Nf4 N8d6 26. Nd3 Ne4 27.
Bxe4 dxe4 28. Rxe4 Qb7 29. Nc5 Qc6 30. b3 Nd6 31. Re2 Qb5 32. Bf4 Nf5 33. c4
Qe8 34. Be3 Nxd4 35. Bxd4 Bxd4 36. Rxa5 Bxc5 37. Rxc5 Qb8 38. Re3 Rc8 39.
Rxc8+ Qxc8 40. Qd3 Qc7 41. f4 Kg7 42. h4 Qb7 43. Kh2 Qa6 44. Qd4+
{Black forfeits on time}
1-0

[Event "ICCopen2017"]
[Site "Internet Chess Club"]
[Date "2017.03.26"]
[Round "3"]
[White "goodFriday"]
[Black "Lzmann"]
[Result "0-1"]
[ICCResult "White forfeits on time"]
[WhiteElo "1259"]
[BlackElo "1598"]
[Opening "Sicilian: accelerated fianchetto, Maróczy bind, 6.Be3"]
[ECO "B38"]
[NIC "SI.33"]
[Time "19:30:04"]
[TimeControl "180+0"]

1. e4 c5 2. Nf3 g6 3. d4 cxd4 4. Nxd4 Nc6 5. c4 Bg7 6. Be3 Nf6 7. Nc3 O-O 8.
Be2 d6 9. O-O Bd7 10. Qd2 Nxd4 11. Bxd4 Bc6 12. f3 Nd7 13. Be3 a5 14. Rac1
Qc7 15. Rc2 a4 16. Rb1 a3 17. bxa3 Rxa3 18. Nd5 Bxd5 19. cxd5 Nc5 20. Qc1
Rfa8 21. Bc4 h5 22. Kh1 b6 23. Rb5 Kh7 24. Bf2 Qa7 25. Qb1 Rxa2 26. Bxa2 Nd3
27. Bxb6 Qa4 28. Bc4 Ne1 {White forfeits on time} 0-1

[Event "ICCopen2017"]
[Site "Internet Chess Club"]
[Date "2017.03.26"]
[Round "3"]
[White "Eliezer"]
[Black "atoz"]
[Result "0-1"]
[ICCResult "White forfeits on time"]
[WhiteElo "1526"]
[BlackElo "1370"]
[Opening "Sicilian: dragon, Yugoslav attack, Rauser variation"]
[ECO "B76"]
[NIC "SI.17"]
[Time "19:29:51"]
[TimeControl "180+0"]

1. e4 c5 2. Nf3 d6 3. d4 cxd4 4. Nxd4 Nf6 5. Nc3 g6 6. f3 Bg7 7. Be3 O-O 8.
Qd2 Nc6 9. O-O-O Bd7 10. Kb1 Rc8 11. Bb5 a6 12. Bxc6 bxc6 13. h4 h5 14. Nce2
Kh7 15. Nb3 c5 16. Qa5 Bb5 17. Qxd8 Rfxd8 18. Nc3 Nd7 19. Nxb5 axb5 20. g4
Ne5 21. gxh5 Nxf3 22. hxg6+ fxg6 23. h5 g5 24. Rdf1 g4 25. Nd2 Nxd2+ 26.
Bxd2 Rf8 27. Rfg1 Rf2 28. h6 Be5 29. Bc3 Bxc3 30. bxc3 Rg8 31. Rg3 Rf3 32.
Rxf3 gxf3 33. Rf1 Rf8 34. Kc1 Kxh6 35. Kd2 Kg5 36. Ke3 Kg4 37. a3 e6 38. c4
b4 39. axb4 cxb4 40. e5 dxe5 41. Rf2 Rc8 42. Rxf3 Rxc4 43. Rf6 Rxc2 44. Kd3
Rc3+ {White forfeits on time} 0-1

[Event "ICCopen2017"]
[Site "Internet Chess Club"]
[Date "2017.03.26"]
[Round "3"]
[White "manusupergm2001"]
[Black "LiangLiang"]
[Result "1-0"]
[ICCResult "Black checkmated"]
[WhiteElo "2133"]
[BlackElo "1719"]
[Opening "Van't Kruijs opening"]
[ECO "A00"]
[Time "19:30:45"]
[TimeControl "180+0"]

1. e3 b6 2. d4 Bb7 3. Nf3 Nf6 4. Be2 e6 5. O-O c5 6. Ne5 Qc7 7. Na3 a6 8.
Bf3 d6 9. Bxb7 Qxb7 10. Nf3 Nbd7 11. Nc4 b5 12. Ncd2 Be7 13. b3 O-O 14. Bb2
Rac8 15. Rc1 Ne4 16. c4 Ndf6 17. Qe2 bxc4 18. Nxc4 d5 19. Nce5 Qb5 20. Qxb5
axb5 21. dxc5 Bxc5 22. Nd4 Bxd4 23. exd4 Nd6 24. Nc6 Rfe8 25. Ba3 Nfe4 26.
f3 Nd2 27. Rf2 N2c4 28. bxc4 Nxc4 29. Ne7+ Kh8 30. Nxc8 Rxc8 31. Bc5 Ra8 32.
Rb1 Rb8 33. a4 h5 34. Rxb5 Rxb5 35. axb5 Kh7 36. Rc2 Kg6 37. Rxc4 dxc4 38.
Kf2 c3 39. Ke2 e5 40. dxe5 Kf5 41. b6 Kxe5 42. b7 Kd5 43. Ba7 Kc6 44. b8=Q
c2 45. Qc8+ Kb5 46. Qc5+ Ka6 47. Qb6# {Black checkmated} 1-0

[Event "ICCopen2017"]
[Site "Internet Chess Club"]
[Date "2017.03.26"]
[Round "3"]
[White "niftyleopard"]
[Black "Chamanx"]
[Result "0-1"]
[ICCResult "White forfeits on time"]
[WhiteElo "1236"]
[BlackElo "1523"]
[Opening "Scotch game"]
[ECO "C45"]
[NIC "SO.05"]
[Time "19:30:39"]
[TimeControl "180+0"]

1. e4 e5 2. Nf3 Nc6 3. d4 exd4 4. Nxd4 Bc5 5. Be3 Nxd4 6. Bxd4 Bxd4 7. Qxd4
Qf6 8. c3 Ne7 9. Nd2 d6 10. Bc4 Qg6 11. g3 Nc6 12. Qd5 Be6 13. Qb5 a6 14.
Qxb7 O-O 15. Qxc6 Bxc4 16. Qxc4 Kh8 17. O-O f5 18. exf5 Rxf5 19. Qe4 Raf8
20. Nb3 Qh6 21. Rae1 Rh5 22. h4 Rhf5 23. Nd4 R5f6 24. Qe8 g6 25. Qe7 R6f7
26. Re2 Rxe7 27. Rxe7 g5 28. hxg5 Qxg5 29. Rd1 Qxe7 {White forfeits on time}
0-1

[Event "ICCopen2017"]
[Site "Internet Chess Club"]
[Date "2017.03.26"]
[Round "3"]
[White "snaillike"]
[Black "DoctorWho"]
[Result "0-1"]
[ICCResult "White checkmated"]
[WhiteElo "1189"]
[BlackElo "1837"]
[Opening "Blackmar-Diemer: Euwe defense"]
[ECO "D00"]
[NIC "QP.08"]
[Time "19:29:56"]
[TimeControl "180+0"]

1. d4 d5 2. e4 dxe4 3. Nc3 Nf6 4. f3 exf3 5. Nxf3 e6 6. Bd3 Bd7 7. O-O Nc6
8. Bg5 Be7 9. Qe1 h6 10. Bxf6 Bxf6 11. Ne5 Nxe5 12. dxe5 Be7 13. Qf2 Rf8 14.
Qg3 Bc5+ 15. Kh1 Qg5 16. Qf3 Bc6 17. Ne4 Bxe4 18. Bxe4 c6 19. Bxc6+ Ke7 20.
Bxb7 Rad8 21. Rad1 Qxe5 22. Rxd8 Kxd8 23. Rd1+ Bd6 24. g3 Ke7 25. Qd3 Rd8
26. c4 Qxb2 27. Ba6 Qxa2 28. Bb5 Qf2 29. Qe4 Qb6 30. Rf1 Rf8 31. Rc1 f5 32.
Qg2 Bc5 33. Rb1 Kf6 34. Qh3 Kg6 35. Rg1 Qb7+ 36. Qg2 Qxg2+ 37. Rxg2 Rd8 38.
h4 Kf6 39. g4 g5 40. hxg5+ hxg5 41. gxf5 exf5 42. Bc6 Rd1+ 43. Kh2 Bd6+ 44.
Kh3 Rh1+ 45. Rh2 Rxh2# {White checkmated} 0-1

[Event "ICCopen2017"]
[Site "Internet Chess Club"]
[Date "2017.03.26"]
[Round "3"]
[White "blunder23"]
[Black "hipopotamos"]
[Result "1-0"]
[ICCResult "Black forfeits on time"]
[WhiteElo "1464"]
[BlackElo "1143"]
[Opening "Danish gambit"]
[ECO "C21"]
[NIC "KP.04"]
[Time "19:29:32"]
[TimeControl "180+0"]

1. e4 e5 2. d4 exd4 3. c3 dxc3 4. Bc4 Qe7 5. Nxc3 Nf6 6. Nf3 Nxe4 7. O-O
Nxc3 8. bxc3 d6 9. Re1 Be6 10. Bxe6 fxe6 11. Ng5 e5 12. f4 Nd7 13. Ba3 O-O-O
14. Rb1 Nb6 15. Qg4+ Qd7 16. Qxd7+ Rxd7 17. fxe5 dxe5 18. Bxf8 Rxf8 19. Rxe5
h6 20. Ne6 Re8 21. Rbe1 Rde7 22. Kf2 Kd7 23. Nc5+ Kd6 24. Nxb7+ Kd7 25. Nc5+
Kd8 26. Nb7+ Kc8 27. Rxe7 Rxe7 28. Rxe7 Kxb7 29. Rxg7 Nd5 30. c4 Nc3 31. a3
Kc6 32. Rh7 Ne4+ 33. Kg1 Nc3 34. Rxh6+ Kc5 35. g4 Ne2+ 36. Kg2 Nf4+ 37. Kg3
Ne2+ 38. Kf2 Nc3 39. h4 Nd1+ 40. Ke1 Ne3 41. g5 Ng2+ 42. Kd2 Nf4 43. g6 Nxg6
44. Rxg6 Kd4 45. h5 Ke5 46. h6 Kf5 47. Rg1 c5 48. h7 a6 49. h8=Q Ke4 50. Qc3
Kf4 51. Re1 Kf5 52. Qe5+ Kg4 53. Rf1 Kh3 54. Qf4 Kg2 55. Qf2+ Kh3 56. Rg1
{Black forfeits on time}
1-0

[Event "ICCopen2017"]
[Site "Internet Chess Club"]
[Date "2017.03.26"]
[Round "3"]
[White "Voltage"]
[Black "dashingfox"]
[Result "1-0"]
[ICCResult "Black forfeits on time"]
[WhiteElo "2454"]
[BlackElo "1862"]
[Opening "Benoni defense"]
[ECO "A61"]
[NIC "BI.38"]
[Time "19:29:46"]
[TimeControl "180+0"]

1. d4 Nf6 2. c4 c5 3. d5 e6 4. Nc3 exd5 5. cxd5 d6 6. Nf3 g6 7. Bf4 a6 8. a4
Bg7 9. h3 O-O 10. e3 Re8 11. Be2 Qe7 12. O-O Nbd7 13. Nd2 Ne5 14. a5 Rb8 15.
Na4 Nxd5 16. Bxe5 Bxe5 17. Nc4 Nb4 18. f4 Bg7 19. Qxd6 Qxd6 20. Nxd6 Rxe3
21. Bf3 Bd4 22. Kh1 Bd7 23. Nxb7 Bxa4 24. Rxa4 Rxf3 25. Rxf3 Rxb7 26. b3 Re7
27. Rf1 Re2 28. Rd1 Re4 29. g3 Nd5 30. Rc4 Nc3 31. Rf1 Ne2 32. Kg2 Re3 33.
Rf3 Rxf3 34. Kxf3 Nc3 35. b4 Nb5 36. bxc5 Bf6 37. c6 Bd8 38. Rc1 Bxa5 39.
Ra1 Bc7 40. Rxa6 Kf8 41. Ke4 Ke7 42. Kd5 Nc3+ 43. Kc4 Ne4 44. Kd5 Nxg3 45.
Ra7 Kd8 46. Ra8+ Ke7 47. Rc8 Bxf4 48. c7 Bxc7 49. Rxc7+ Kf6 50. Kd4 Nf5+ 51.
Ke4 Ne7 52. Kf3 Nf5 53. Ra7 Kg7 54. Ra6 Kh6 55. Ra7 f6 56. Ra6 Kg5 57. Ra7
h5 58. Kg2 Nh4+ 59. Kh2 Nf5 60. Kg2 Kh4 61. Kh2 g5 62. Ra4+ g4 63. hxg4 hxg4
64. Ra5 g3+ 65. Kg1 Kg4 66. Ra4+ Kh3 67. Rf4 Nh4 68. Rxf6 g2 69. Rf8 Kg3 70.
Rg8+ Kh3 71. Rf8 Kg3 72. Rg8+ Kh3 73. Kf2 Kh2 74. Rg4 g1=Q+ 75. Rxg1 Nf5 76.
Rg2+ Kh3 77. Rg8 Kh4 78. Rb8 Kg4 79. Rb7 Kf4 80. Rb8 Kg4 81. Ke1 Kf4 82. Kd1
Kg4 83. Kc1 Kf4 84. Kb2 Ke5 85. Kb3 Kd6 86. Ka4 Ke5 87. Rb1 Ke6 88. Rb5 Nd6
89. Rb6 Kd7 90. Ka3 Kc7 91. Rb1 Nc4+ 92. Ka2 Kc6 93. Rc1 Kc5 94. Kb3 Kd4 95.
Rxc4+ Kd5 96. Rc3 Kd6 97. Kc2 Kd7 98. Rc4 Ke7 99. Rc3 Kf7 100. Rd3 Kg7 101.
Kc3 Kh6 102. Rd4 Kg6 103. Kc4 Kg7 104. Rd5 Kg8 105. Kc5 Kh8 106. Rd6
{Black forfeits on time}
1-0

[Event "ICCopen2017"]
[Site "Internet Chess Club"]
[Date "2017.03.26"]
[Round "3"]
[White "rickky20"]
[Black "MDRAFE3"]
[Result "0-1"]
[ICCResult "White checkmated"]
[WhiteElo "1644"]
[BlackElo "1965"]
[Opening "QGD Slav defense: exchange variation"]
[ECO "D10"]
[NIC "SL.01"]
[Time "19:30:35"]
[TimeControl "180+0"]

1. d4 d5 2. c4 c6 3. cxd5 cxd5 4. Nc3 e5 5. dxe5 d4 6. Ne4 Nc6 7. Nf3 Bg4 8.
Bf4 Qd5 9. Ned2 Nge7 10. h3 Bxf3 11. exf3 Ng6 12. Bg3 Ngxe5 13. Bxe5 Nxe5
14. f4 Nc6 15. Bc4 Qf5 16. Qf3 Bb4 17. Rd1 Qc2 18. O-O Bxd2 19. Qe2+ Kf8 20.
Rxd2 Qf5 21. Qf3 g6 22. Bd5 Rd8 23. Bxc6 bxc6 24. Rc1 c5 25. b3 Kg7 26. g4
Qd5 27. Qd3 Rhe8 28. Rdc2 Rc8 29. Qc4 Qe4 30. Qf1 Qxf4 31. Rxc5 Rxc5 32.
Rxc5 Qf3 33. Rc1 d3 34. Rc3 Re2 35. Qa1 Qxf2+ 36. Kh1 Qg2# {White
checkmated} 0-1

[Event "ICCopen2017"]
[Site "Internet Chess Club"]
[Date "2017.03.26"]
[Round "3"]
[White "oli2"]
[Black "touchthis"]
[Result "0-1"]
[ICCResult "White forfeits on time"]
[WhiteElo "1659"]
[BlackElo "1446"]
[Opening "English: symmetrical variation"]
[ECO "A35"]
[NIC "EO.64"]
[Time "19:29:48"]
[TimeControl "180+0"]

1. c4 c5 2. Nc3 Nc6 3. e4 e6 4. g3 d5 5. exd5 exd5 6. cxd5 Nd4 7. Bg2 Nf6 8.
Nge2 Qe7 9. O-O Bg4 10. f3 Nxe2+ 11. Nxe2 Bf5 12. Nc3 Qd6 13. Re1+ Be7 14.
Qe2 Kd7 15. Qb5+ Kc7 16. d4 a6 17. dxc5 Qxc5+ 18. Qxc5+ Bxc5+ 19. Kh1 Rad8
20. Bf4+ Kc8 21. Rac1 Nh5 22. Ne4 Nxf4 23. Rxc5+ Kb8 24. gxf4 Rhe8 25. Rd1
Rc8 26. Rxc8+ Rxc8 27. Nd6 Bc2 28. Rc1 Rc7 29. Nxf7 Bg6 30. Rxc7 Kxc7 31.
Ne5 Be8 32. Nc4 b5 33. d6+ Kd7 34. Ne5+ Kxd6 35. Bh3 Kc5 36. Kg2 b4 37. Kf2
Kd4 38. Bd7 Bh5 39. Bg4 Be8 40. Bc8 Ba4 {White forfeits on time} 0-1

[Event "ICCopen2017"]
[Site "Internet Chess Club"]
[Date "2017.03.26"]
[Round "3"]
[White "YHWH"]
[Black "fletcherdavid"]
[Result "0-1"]
[ICCResult "White resigns"]
[WhiteElo "1506"]
[BlackElo "1872"]
[Opening "QGD: 3.Nc3"]
[ECO "D31"]
[NIC "QP.08"]
[Time "19:30:47"]
[TimeControl "180+0"]

1. d4 d5 2. c4 e6 3. Nc3 f5 4. cxd5 exd5 5. Nf3 c6 6. Bg5 Be7 7. Qd2 Bxg5 8.
Nxg5 Nf6 9. h4 O-O 10. h5 h6 11. Nf3 Ne4 12. Qc2 Nd7 13. Nd2 Ndf6 14. O-O-O
Nxf2 15. Rg1 Nxd1 16. Qxd1 Ne4 17. Ndxe4 fxe4 18. e3 Qg5 19. Be2 Be6 20. g4
Qxe3+ 21. Kb1 Rf2 22. a3 Raf8 23. Re1 Qf4 24. Na4 b6 25. Ba6 Bxg4 26. Qb3
Bxh5 27. Bb7 Rf1 28. Rxf1 Qxf1+ 29. Ka2 Qc4 30. Qxc4 dxc4 31. Bxc6 e3 32.
Bd5+ Bf7 33. Bxc4 Bxc4+ 34. b3 Bxb3+ {White resigns} 0-1

[Event "ICCopen2017"]
[Site "Internet Chess Club"]
[Date "2017.03.26"]
[Round "3"]
[White "A4-H5"]
[Black "Alright2015"]
[Result "0-1"]
[ICCResult "White forfeits on time"]
[WhiteElo "1778"]
[BlackElo "2212"]
[Opening "English: Mikenas-Carls, Flohr variation"]
[ECO "A18"]
[NIC "EO.56"]
[Time "19:30:15"]
[TimeControl "180+0"]

1. c4 Nf6 2. Nc3 e6 3. e4 d5 4. e5 d4 5. exf6 dxc3 6. bxc3 Qxf6 7. d4 c5 8.
Nf3 h6 9. Be2 Nc6 10. O-O g5 11. d5 Ne7 12. Be3 b6 13. Nd2 Qg6 14. Bf3 Rb8
15. Be4 Nf5 16. Qa4+ Bd7 17. Qxa7 Bd6 18. dxe6 Bxe6 19. Bc6+ Kf8 20. Be4 Qf6
21. Nf3 Kg7 22. Rad1 Bf4 23. Bxf4 gxf4 24. Rfe1 Qxc3 25. Bxf5 Bxf5 26. Ne5
Rhf8 27. Qe7 Rbd8 28. Rc1 Qa5 29. Nc6 Qa8 30. Nxd8 Qxd8 31. Qe5+ Kg6 32.
Qxf5+ Kxf5 33. Re2 f6 34. Rce1 Qd4 35. g4+ Kxg4 36. Kg2 f3+ 37. Kf1 fxe2+
38. Rxe2 Kf3 39. Re1 Qd3+ 40. Kg1 Rg8+ 41. Kh1 Kf4 42. Re4+ Qxe4+
{White forfeits on time}
0-1

[Event "ICCopen2017"]
[Site "Internet Chess Club"]
[Date "2017.03.26"]
[Round "3"]
[White "BryanL"]
[Black "egyptiantiger"]
[Result "1-0"]
[ICCResult "Black forfeits on time"]
[WhiteElo "1989"]
[BlackElo "1722"]
[Opening "Sicilian: Smith-Morra gambit"]
[ECO "B21"]
[NIC "SI.48"]
[Time "19:29:42"]
[TimeControl "180+0"]

1. e4 c5 2. d4 cxd4 3. c3 dxc3 4. Nxc3 Nc6 5. Nf3 d6 6. Bc4 e6 7. O-O a6 8.
Qe2 Be7 9. Rd1 Qc7 10. Bf4 e5 11. Nd5 Qd8 12. Be3 Bg4 13. h3 Bxf3 14. Qxf3
Nf6 15. Bb6 Qd7 16. Nc7+ Kf8 17. Nxa8 Nd4 18. Bxd4 exd4 19. Nb6 Qc6 20. Qb3
Bd8 21. Nd5 Nxe4 22. Rxd4 Nc5 23. Qf3 b5 24. Bb3 Nxb3 25. axb3 h5 26. Nc3
Qb6 27. Qd5 Rh6 28. Ne4 Re6 29. Rad1 Be7 30. Kh1 Re5 31. Qa8+ Bd8 32. Rxd6
Rxe4 33. Rxb6 {Black forfeits on time} 1-0

[Event "ICCopen2017"]
[Site "Internet Chess Club"]
[Date "2017.03.26"]
[Round "3"]
[White "Shafkat"]
[Black "kobayashi"]
[Result "0-1"]
[ICCResult "White forfeits on time"]
[WhiteElo "1656"]
[BlackElo "2040"]
[Opening "Sicilian defense"]
[ECO "B32"]
[NIC "SI.32"]
[Time "19:29:52"]
[TimeControl "180+0"]

1. e4 c5 2. Nf3 Nc6 3. d4 cxd4 4. Nxd4 Qb6 5. Nb3 Nf6 6. Nc3 e6 7. g3 Be7 8.
Bg2 O-O 9. O-O d5 10. exd5 exd5 11. Re1 Be6 12. Bg5 Rad8 13. Qe2 h6 14. Bf4
d4 15. Bxc6 dxc3 16. Bf3 cxb2 17. Rab1 Ba3 18. Be3 Qa6 19. Qxa6 bxa6 20.
Bxa7 a5 21. Nd4 Bxa2 22. Nb5 Bb4 23. c3 Bxb1 24. Rxb1 Be7 25. Rxb2 a4 26.
Ra2 a3 27. Nxa3 Rd3 28. Be2 Rxc3 29. Nb5 Rc1+ 30. Kg2 Rfc8 31. Be3 R1c2 32.
Rxc2 Rxc2 33. Bd3 Ra2 34. Nd4 Nd5 35. Nf5 Nxe3+ 36. Nxe3 Bc5 37. Kf3 Bxe3
38. Kxe3 Ra1 39. h4 g6 40. g4 Kg7 41. h5 gxh5 42. gxh5 Rh1 43. Be2 Kf6 44.
Kf4 Rh4+ 45. Kg3 Rb4 46. f4 Re4 47. Bf3 Re3 48. Kg4 Rxf3 49. Kxf3 Kf5 50.
Kg3 f6 51. Kf3 Ke6 52. Kg4 f5+ 53. Kg3 Kd5 54. Kf3 Kd4 55. Kg3 Ke3 56. Kh4
Kxf4 {White forfeits on time} 0-1

[Event "ICCopen2017"]
[Site "Internet Chess Club"]
[Date "2017.03.26"]
[Round "3"]
[White "Bishopmate"]
[Black "FiveCardDraw"]
[Result "0-1"]
[ICCResult "White forfeits on time"]
[WhiteElo "1231"]
[BlackElo "1504"]
[Opening "Queen's pawn game, Darooha variation "]
[ECO "D02"]
[NIC "QP.08"]
[Time "19:30:30"]
[TimeControl "180+0"]

1. d4 d5 2. Nf3 Nf6 3. g3 c5 4. e3 cxd4 5. exd4 Bg4 6. Bg2 Nc6 7. c3 e6 8.
Nbd2 Bd6 9. Qa4 O-O 10. Ne5 Nxe5 11. dxe5 Bxe5 12. Nf3 Bd6 13. Bg5 h6 14.
Bxf6 Qxf6 15. Qxg4 e5 16. O-O e4 17. Nd4 a6 18. Qf5 Qe5 19. Qxe5 Bxe5 20.
Rae1 b5 21. f3 f5 22. fxe4 fxe4 23. Rxf8+ Rxf8 24. Rf1 b4 25. Rxf8+ Kxf8 26.
Kf2 bxc3 27. bxc3 Ke7 28. Ke3 Kd6 29. a3 Kc5 30. Bf1 a5 31. a4 g6 32. Bb5
Bf6 33. g4 Be5 34. h3 Bf6 35. Kd2 Bxd4 36. cxd4+ Kxd4 37. Be8 g5 38. Bf7 e3+
39. Ke2 Ke4 40. Bg6+ Kf4 41. Bf7 d4 42. Kd3 Kf3 43. Bd5+ Kf2 44. Kxd4 e2
{White forfeits on time}
0-1

[Event "ICCopen2017"]
[Site "Internet Chess Club"]
[Date "2017.03.26"]
[Round "3"]
[White "Palse"]
[Black "MasterMind"]
[Result "1-0"]
[ICCResult "Black resigns"]
[WhiteElo "2284"]
[BlackElo "1781"]
[Opening "Sicilian: Taimanov variation"]
[ECO "B48"]
[NIC "SI.40"]
[Time "19:31:23"]
[TimeControl "180+0"]

1. e4 c5 2. Nf3 e6 3. d4 cxd4 4. Nxd4 Nc6 5. Nc3 Qc7 6. Be3 a6 7. Qf3 d6 8.
Be2 Bd7 9. O-O Nf6 10. Rad1 Be7 11. Qg3 O-O 12. f4 e5 13. Nf5 Bxf5 14. exf5
Rfe8 15. Kh1 b5 16. Bf3 Rad8 17. a3 exf4 18. Bxf4 Ne5 19. Nd5 Nxd5 20. Bxd5
Bf6 21. c3 a5 22. Qh3 b4 23. cxb4 axb4 24. axb4 Rb8 25. Qb3 Qb6 26. Bxe5
Bxe5 27. Bxf7+ Kh8 28. Bxe8 Rxe8 29. Qf7 Rb8 30. f6 Bxf6 31. Rxf6 gxf6 32.
Qxf6+ Kg8 33. Rd3 Qf2 34. Qxf2 {Black resigns} 1-0

[Event "ICCopen2017"]
[Site "Internet Chess Club"]
[Date "2017.03.26"]
[Round "3"]
[White "garompon"]
[Black "Buscapina"]
[Result "1-0"]
[ICCResult "Black resigns"]
[WhiteElo "2585"]
[BlackElo "2194"]
[Opening "French: King's Indian attack"]
[ECO "C00"]
[NIC "FR.02"]
[Time "19:30:32"]
[TimeControl "180+0"]

1. e4 e6 2. d3 d5 3. Qe2 Be7 4. Nf3 Nf6 5. g3 O-O 6. Bg2 b6 7. e5 Nfd7 8.
O-O c5 9. c4 Bb7 10. h4 dxc4 11. dxc4 Nc6 12. Bf4 Qc7 13. Nc3 a6 14. Nd5 Qd8
15. Rad1 exd5 16. cxd5 Nd4 17. Nxd4 cxd4 18. d6 Bxg2 19. dxe7 Qxe7 20. Kxg2
Rfe8 21. Rfe1 Qc5 22. Qe4 f6 23. e6 Nf8 24. e7 Ng6 25. Qe6+ Kh8 26. Bd6 Qc6+
27. Kg1 Ne5 28. Rxe5 fxe5 29. Qxe5 Rac8 30. Rxd4 Qf3 31. Bc7 Qc6 32. Rd8 h6
33. Qf5 Qxc7 34. Qf8+ Kh7 35. Qxe8 Qc1+ 36. Kh2 Rc2 37. Qg8+ {Black resigns}
1-0

[Event "ICCopen2017"]
[Site "Internet Chess Club"]
[Date "2017.03.26"]
[Round "3"]
[White "manitodeplomo"]
[Black "beaupre"]
[Result "1-0"]
[ICCResult "Black forfeits on time"]
[WhiteElo "2444"]
[BlackElo "1781"]
[Opening "Réti opening"]
[ECO "A30"]
[NIC "QP.10"]
[Time "19:30:14"]
[TimeControl "180+0"]

1. Nf3 c5 2. c4 g6 3. g3 Bg7 4. Bg2 Nf6 5. O-O Nc6 6. d4 cxd4 7. Nxd4 Nxd4
8. Qxd4 d6 9. Nc3 O-O 10. Rd1 Be6 11. Bxb7 Rb8 12. Bf3 Rb4 13. Qxa7 Bxc4 14.
a4 Re8 15. a5 e5 16. a6 e4 17. Bg2 Ng4 18. Bf4 e3 19. f3 Ne5 20. Qxe3 Rxb2
21. a7 Qa8 22. Bxe5 Rxe5 23. Qxe5 Bxe5 24. f4 Bxc3 25. Bxa8 Rxe2 26. Bf3 Bb4
27. a8=Q+ Kg7 28. Bxe2 Bc5+ 29. Kf1 {Black forfeits on time} 1-0

[Event "ICCopen2017"]
[Site "Internet Chess Club"]
[Date "2017.03.26"]
[Round "3"]
[White "Tal-Baron"]
[Black "LittleMaster"]
[Result "1-0"]
[ICCResult "Black resigns"]
[WhiteElo "2775"]
[BlackElo "2324"]
[Opening "QGD Slav: Dutch variation"]
[ECO "D18"]
[NIC "SL.04"]
[Time "19:30:06"]
[TimeControl "180+0"]

1. d4 d5 2. c4 c6 3. Nf3 Nf6 4. Nc3 dxc4 5. a4 Bf5 6. e3 e6 7. Bxc4 Nbd7 8.
O-O Bb4 9. Qe2 Bg6 10. e4 Bxc3 11. bxc3 Nxe4 12. Ba3 Nxc3 13. Qb2 Nxa4 14.
Qxb7 Nab6 15. Ba6 Be4 16. Ne5 Nxe5 17. dxe5 Bd5 18. Rfd1 Qd7 19. Bd6 Qxb7
20. Bxb7 Rd8 21. Rxd5 cxd5 22. Bc6+ Nd7 23. Rxa7 h5 24. f4 h4 25. Kf2 f6 26.
f5 fxe5 27. fxe6 Rh6 28. Bxd7+ Rxd7 29. exd7+ Kd8 30. Bb4 Rf6+ 31. Ke2
{Black resigns}
1-0

[Event "ICCopen2017"]
[Site "Internet Chess Club"]
[Date "2017.03.26"]
[Round "3"]
[White "DropZone"]
[Black "DaffyDuck"]
[Result "1/2-1/2"]
[ICCResult "Game drawn because neither player has mating material"]
[WhiteElo "2087"]
[BlackElo "1699"]
[Opening "King's Indian: London system"]
[ECO "A48"]
[NIC "QP.03"]
[Time "19:30:11"]
[TimeControl "180+0"]

1. d4 Nf6 2. Nf3 g6 3. Bf4 Bg7 4. e3 d6 5. h3 O-O 6. Be2 Bf5 7. c4 Re8 8.
Nc3 Ne4 9. Nxe4 Bxe4 10. O-O b6 11. Rc1 Nd7 12. b4 a5 13. a3 axb4 14. axb4
Ra3 15. Ra1 Qa8 16. Qc1 Ra4 17. Rxa4 Qxa4 18. Qb2 Ra8 19. Nd2 Bb7 20. Bf3
Bxf3 21. Nxf3 h6 22. Rc1 Kh7 23. b5 Qa3 24. Qxa3 Rxa3 25. g4 g5 26. Bg3 f6
27. Kg2 Kg6 28. h4 Kf7 29. hxg5 hxg5 30. e4 Kg6 31. e5 f5 32. gxf5+ Kxf5 33.
exd6 exd6 34. Re1 Bf6 35. Re8 g4 36. Nh2 Bxd4 37. Rc8 Ne5 38. Rxc7 Rc3 39.
Re7 Nxc4 40. Rf7+ Ke6 41. Rf4 Ne5 42. Rxd4 Rc5 43. Bxe5 dxe5 44. Rxg4 Rxb5
45. Rg6+ Kd5 46. Nf3 e4 47. Rg5+ Kc4 48. Rxb5 Kxb5 49. Nd2 Kb4 50. Nxe4 Kc4
51. Nd6+ Kc5 52. Nb7+ Kc6 53. Nd8+ Kc7 54. Nf7 Kc6 55. Ne5+ Kd5 56. Nd3 Kc4
57. Nb2+ Kb3 58. f4 Kxb2 59. f5 b5 60. f6 b4 61. f7 b3 62. f8=Q Kc2 63. Qb8
b2 64. Qxb2+ Kxb2 {Game drawn because neither player has mating material}
1/2-1/2

[Event "ICCopen2017"]
[Site "Internet Chess Club"]
[Date "2017.03.26"]
[Round "3"]
[White "Seraphim"]
[Black "Radar777"]
[Result "1-0"]
[ICCResult "Black forfeits on time"]
[WhiteElo "1872"]
[BlackElo "1343"]
[Opening "Sicilian"]
[ECO "B54"]
[NIC "SI.11"]
[Time "19:30:40"]
[TimeControl "180+0"]

1. e4 c5 2. Nf3 d6 3. d4 cxd4 4. Nxd4 e5 5. Nb3 Nf6 6. Nc3 a6 7. Be2 Be7 8.
O-O O-O 9. Re1 Nc6 10. Be3 Be6 11. f3 b5 12. Qd2 Rc8 13. Rad1 h6 14. Bf1 Na5
15. Qf2 Nc4 16. Bc1 d5 17. exd5 Bxd5 18. Ne4 Qb6 19. Nxf6+ Bxf6 20. Rxd5
Qxf2+ 21. Kxf2 e4 22. c3 exf3 23. Kxf3 Nb6 24. Rd6 Nc4 25. Rxa6 Ne5+ 26. Kg3
Ng6 27. Re4 Be5+ 28. Kf2 Bf6 29. Bxh6 Rce8 30. Rxe8 Rxe8 31. Be3 Ne5 32. Be2
Ng6 33. Bxb5 Re5 34. Bd3 Bg5 35. Bxg5 Rxg5 36. Bxg6 Rxg6 37. Rxg6 fxg6 38.
a4 Kf7 39. a5 {Black forfeits on time} 1-0